 Dungeon Crawl Stone Soup version 0.32-a0-361-g289a535e89 (webtiles) character file.

Game seed: 3154272686757368961

569 cforsyth the Trooper (level 7, 0/54 HPs)
             Began as a Djinni Fire Elementalist on Feb 18, 2024.
             Slain by a gnoll
             ... wielding a +0 flail
             ... led by a gnoll sergeant
              (10 damage)
             ... on level 4 of the Dungeon.
             The game lasted 00:03:34 (3271 turns).

cforsyth the Trooper (Djinni Fire Elementalist)     Turns: 3271, Time: 00:03:35

Health: 0/54       AC:  2    Str:  7    XL:     7   Next: 60%
Gold:   107        EV: 12    Int: 18    God:
                   SH:  0    Dex: 14

rFire   + + .        (no weapon)
rCold   x . .        (no shield)
rNeg    . . .        a - +0 robe
rPois   ∞            (no helmet)
rElec   .            (no cloak)
rCorr   .            (no gloves)
SInv    .            (boots unavailable)
Will    .....        (no amulet)
Stlth   ++           (no ring)
HPRegen 0.29/turn    (no ring)
MPRegen 0.00/turn

%: infuse magic (-1 HP)
@: flying
A: sickness immunity, fire resistance 2, cold vulnerability 1, float, innate
caster, HP casting, extra vitality 1
a: no special abilities


You were on level 4 of the Dungeon.
You visited 1 branch of the dungeon, and saw 4 of its levels.

You collected 107 gold pieces.


Innate Abilities, Weirdness & Mutations

You are immune to sickness and miasma.
You are immune to poison.
Your flesh is very heat resistant. (rF++)
You are vulnerable to cold. (rC-)
You float through the air rather than walking.
You learn spells naturally, not from books.
Your magical power is your life essence.
You have superior vitality. (+4 MHP)


   Skills:
 + Level 5.3 Fighting
 - Level 2.1 Dodging
 - Level 1.5 Stealth
 + Level 5.1 Spellcasting
 + Level 5.1 Conjurations
 + Level 5.1 Hexes
 + Level 5.1 Summonings
 + Level 5.1 Necromancy
 + Level 5.1 Translocations
 + Level 5.1 Fire Magic
 + Level 5.1 Ice Magic
 + Level 5.1 Air Magic
 + Level 5.1 Earth Magic
 + Level 5.1 Alchemy


You knew the following spells:

 Your Spells              Type           Power      Damage    Failure   Level
a - Momentum Strike       Conj/Tloc      46%        3d9       2%          2
b - Mercury Vapours       Alch/Air       46%        N/A       2%          2
f - Foxfire               Conj/Fire      92%        2x1d8     1%          1
r - Inner Flame           Hex/Fire       23%        N/A       4%          3
s - Slow                  Hex            92%        N/A       1%          1
X - Scorch                Fire           46%        2d6       2%          2
Y - Volatile Blastmotes   Fire/Tloc      46%        2d13      4%          3
Z - Flame Wave            Conj/Fire      23%        2d8       16%         4
Your spell library was empty.

Inventory:

Armour
 a - a +0 robe (worn)
Wands
 i - a wand of paralysis (9)
 q - a wand of flame (21)
 s - a wand of acid (2)
Scrolls
 c - 2 scrolls of identify {unknown}
 g - a scroll of blinking {unknown}
 h - 3 scrolls of enchant weapon {unknown}
 l - a scroll of immolation {unknown}
 m - a scroll of poison {unknown}
 n - 2 scrolls of noise {unknown}
 o - 3 scrolls of teleportation {unknown}
 p - a scroll of amnesia {unknown}
 r - a scroll of fog {unknown}
Potions
 b - 2 potions of might {unknown}
 d - 2 potions of attraction {unknown}
 e - 2 potions of enlightenment {unknown}
 f - 2 potions of curing {unknown}
 j - a potion of brilliance {unknown}
 k - a potion of lignification {unknown}

Dungeon Overview and Level Annotations

Branches:
Dungeon (4/15)
 Temple: D:4-7

Altars:
Elyvilon
Hepliaklqana
Ru
Xom
Zin

Annotations:
D:3 1 runed translucent door, DaftaChap's ghost, amateur CoGl

#.#. ##... ### ...# ..
#####..# .) # ...##.# .#
#.#########.##.##.##
........§......)#..####.
.......####.#..g)....†.=
.....#.:....##.S@.####
#.##.#.############ .
#.#...## #.#.#..###
..#.##...###########
###........÷.....).. .
##########.####### ..
#..# ##.. ##.####...


You could see a gnoll (combustible) and a ball python.


Message History

Ijyb zaps a wand.
You easily resist.
Unknown command.
Casting: Foxfire (safe; 1% risk of failure)
Confirm with . or Enter, or press ? or * to list all spells.
Flames lash the gnoll.
The gnoll is almost dead.
The gnoll's fire resistance burns away.
* * * LOW HITPOINT WARNING * * *
The foxfire hits Ijyb but does no damage.
Ijyb is moderately wounded.
The foxfire hits Ijyb.
Ijyb is heavily wounded.
Ijyb zaps a wand.
You easily resist.
Unknown command.
Casting: Scorch (safe; 2% risk of failure)
Confirm with . or Enter, or press ? or * to list all spells.
Flames lash Ijyb.
Ijyb is almost dead.
Ijyb's fire resistance burns away.
* * * LOW HITPOINT WARNING * * *
The gnoll hits you with a +0 flail!
* * * LOW HITPOINT WARNING * * *
Unknown command.
Casting: Scorch (safe; 2% risk of failure)
Confirm with . or Enter, or press ? or * to list all spells.
Flames lash Ijyb.
Ijyb is burned terribly!
You kill Ijyb!
* * * LOW HITPOINT WARNING * * *
The gnoll hits you with a +0 flail!
You die...

Skill      XL: |  1  2  3  4  5  6  7 |
---------------+----------------------+-----
Fighting       | 1 2 3 4 5 |  5.3
Spellcasting   | 4 5 |  5.1
Conjurations   | 4 5 |  5.1
Hexes          | 4 5 |  5.1
Summonings     | 4 5 |  5.1
Necromancy     | 4 5 |  5.1
Translocations | 4 5 |  5.1
Fire Magic     | 4 5 |  5.1
Ice Magic      | 4 5 |  5.1
Air Magic      | 4 5 |  5.1
Earth Magic    | 4 5 |  5.1
Alchemy        | 4 5 |  5.1
Dodging        | |  2.1
Stealth        | |  1.5

Action                     |  1- 3 |  4- 6 |  7- 9 || total
---------------------------+-------+-------+-------++-------
  Melee: Unarmed           |     1 |       |       ||     1
   Cast: Foxfire           |    63 |   121 |    28 ||   212
         Scorch            |     3 |    20 |     6 ||    29
         Inner Flame       |       |     2 |     3 ||     5
         Mercury Vapours   |       |       |     1 ||     1
 Armour: Robe              |     3 |    12 |     8 ||    23
  Dodge: Dodged            |     2 |     9 |     3 ||    14

Levels and vault maps discovered:
D:1:      minmay_arrival_solitary_statue, layout_basic,
          shapermc_ecumenical_altar_ellora
D:2:      layout_basic, basic_altar
D:3:      layout_loops_ring, grunt_temple_overflow_cloverleaf,
          hellmonk_ghost_happy_afterlife
D:4:      layout_basic, okawaru_gym_becter, minmay_close_crescents,
          uniq_menkaure, uniq_ijyb, uniq_robin, uniq_natasha

Notes
Turn   | Place    | Note
-------+----------+-------------------------------------------
     0 | D:1      | cforsyth the Djinni Fire Elementalist began the quest for
                  | the Orb.
     0 | D:1      | cforsyth set off with the following spells memorised:
                  | Foxfire, Scorch, Volatile Blastmotes, Inner Flame, Flame
                  | Wave.
     0 | D:1      | Reached XP level 1. HP: 15/15 MP: 0/0
    10 | D:1      | Reached XP level 2. HP: 16/22 MP: 0/0
    11 | D:1      | Reached skill level 1 in Fighting
   268 | D:1      | Reached XP level 3. HP: 24/27 MP: 0/0
   268 | D:1      | Learned a level 1 spell: Slow
   485 | D:1      | Reached skill level 2 in Fighting
   530 | D:1      | Found a faded altar of an unknown god.
   742 | D:2      | Found a glowing silver altar of Zin.
   863 | D:2      | Reached XP level 4. HP: 28/33 MP: 0/0
  1815 | D:3      | Reached XP level 5. HP: 37/40 MP: 0/0
  1815 | D:3      | Learned a level 2 spell: Momentum Strike
  1886 | D:3      | Reached skill level 3 in Fighting
  1944 | D:3      | Reached skill level 4 in Spellcasting
  1944 | D:3      | Reached skill level 4 in Conjurations
  1944 | D:3      | Reached skill level 4 in Hexes
  1944 | D:3      | Reached skill level 4 in Summonings
  1944 | D:3      | Reached skill level 4 in Necromancy
  1944 | D:3      | Reached skill level 4 in Translocations
  1944 | D:3      | Reached skill level 4 in Fire Magic
  1944 | D:3      | Reached skill level 4 in Ice Magic
  1944 | D:3      | Reached skill level 4 in Air Magic
  1944 | D:3      | Reached skill level 4 in Earth Magic
  1944 | D:3      | Reached skill level 4 in Alchemy
  1970 | D:3      | Found a white marble altar of Elyvilon.
  1970 | D:3      | Found a sacrificial altar of Ru.
  1970 | D:3      | Found a hazy altar of Hepliaklqana.
  1984 | D:3      | Found a shimmering altar of Xom.
  2006 | D:3      | Noticed DaftaChap's ghost (amateur CoGl)
  2214 | D:3      | Reached XP level 6. HP: 32/46 MP: 0/0
  2431 | D:3      | Found a runed translucent door.
  2869 | D:4      | Reached skill level 4 in Fighting
  3007 | D:4      | Noticed Natasha
  3009 | D:4      | Killed Natasha
  3022 | D:4      | Noticed Menkaure
  3025 | D:4      | Killed Menkaure
  3026 | D:4      | Reached XP level 7. HP: 26/53 MP: 0/0
  3026 | D:4      | Learned a level 2 spell: Mercury Vapours
  3033 | D:4      | Noticed Natasha
  3037 | D:4      | Killed Natasha
  3038 | D:4      | Noticed Natasha
  3046 | D:4      | Killed Natasha
  3242 | D:4      | Reached skill level 5 in Fighting
  3242 | D:4      | Reached skill level 5 in Spellcasting
  3242 | D:4      | Reached skill level 5 in Conjurations
  3242 | D:4      | Reached skill level 5 in Hexes
  3242 | D:4      | Reached skill level 5 in Summonings
  3242 | D:4      | Reached skill level 5 in Necromancy
  3242 | D:4      | Reached skill level 5 in Translocations
  3242 | D:4      | Reached skill level 5 in Fire Magic
  3242 | D:4      | Reached skill level 5 in Ice Magic
  3242 | D:4      | Reached skill level 5 in Air Magic
  3242 | D:4      | Reached skill level 5 in Earth Magic
  3242 | D:4      | Reached skill level 5 in Alchemy
  3261 | D:4      | Noticed Ijyb
  3262 | D:4      | Paralysed by Ijyb for 5 turns
  3271 | D:4      | Killed Ijyb
  3271 | D:4      | Slain by a gnoll

Vanquished Creatures
  Menkaure (D:4)
  A gnoll sergeant (D:4)
  A bombardier beetle (D:3)
  An orc priest (D:3)
  Ijyb (D:4)
  Natasha (thrice) (D:4)
  An orc wizard (D:3)
  5 gnolls (D:4)
  5 adders
  A dart slug (D:3)
  2 ribbon worms
  3 orcs (D:3)
  7 ball pythons
  7 endoplasms
  5 giant cockroaches
  6 goblins
  5 hobgoblins
  4 jackals
  3 quokkas
  8 bats
  4 frilled lizards
  2 kobolds (D:2)
  2 rats
78 creatures vanquished.

Vanquished Creatures (collateral kills)
  A foxfire (D:4)
1 creature vanquished.

Vanquished Creatures (others)
  335 foxfires
335 creatures vanquished.

Grand Total: 414 creatures vanquished

Table legend: (Time is in decaauts)
 A = Elapsed time spent in this place.
 B = Non-inter-level travel time spent in this place.
 C = Inter-level travel time spent in this place.
 D = Time resting spent in this place.
 E = Time spent auto-exploring this place.
 F = Levels seen in this place.
 G = Mean time per level.
                   A        B        C        D        E       F      G
               +--------+--------+--------+--------+--------+-----+--------+
         Total |   3289 |   3202 |     87 |      0 |   2771 |   4 |  822.2 |
       Dungeon |   3289 |   3202 |     87 |      0 |   2771 |   4 |  822.2 |
               +--------+--------+--------+--------+--------+-----+--------+

Top non-repeatable levels by time:
     D:3: 1025 daAuts
     D:2: 998 daAuts
     D:1: 742 daAuts
     D:4: 522 daAuts

Table legend:
 A = Non-vault XP
 B = Vault XP
 C = Vault XP percentage of total XP
 D = Non-vault monster count
 E = Vault monster count
 F = Vault count percentage of total count
                 A         B        C        D         E       F
            +---------+---------+-------+---------+---------+-------
      Total |     588 |     263 |  30.9 |      73 |       5 |   6.4
            +---------+---------+-------+---------+---------+-------
        D:1 |      58 |       0 |   0.0 |      21 |       0 |   0.0
        D:2 |      74 |       0 |   0.0 |      19 |       0 |   0.0
        D:3 |     188 |       0 |   0.0 |      21 |       0 |   0.0
        D:4 |     268 |     263 |  49.5 |      12 |       5 |  29.4
            +---------+---------+-------+---------+---------+-------
